 Dungeon Crawl Stone Soup version 0.18-a0-1721-gc4d1f22 (webtiles) character file.

125968 seren the Maledictor (level 16, 0/124 HPs)
             Began as a Vampire Enchanter on Apr 4, 2016.
             Was the Champion of Kikubaaqudgha.
             Slain by a seven-headed hydra (14 damage)
             ... on level 4 of the Swamp on Apr 9, 2016.
             The game lasted 06:12:45 (45717 turns).

seren the Maledictor (Vampire Enchanter)           Turns: 45717, Time: 06:12:48

Health: 0/124      AC: 19    Str: 16    XL:     16   Next: 42%
Magic:  2/29       EV: 24    Int: 23    God:    Kikubaaqudgha [******]
Gold:   1985       SH: 13    Dex: 20    Spells: 8 memorised, 7 levels left

rFire  + . .     SeeInvis +     q - +6 quick blade (pain)
rCold  + . .     Gourm    .     z - +2 robe {rF+}
rNeg   + + .     Faith    .     R - +4 buckler of Ovin {Regen+ Str+4 Dex+4}
rPois  +         Spirit   .     f - +2 helmet
rElec  .         Dismiss  .     X - +1 cloak {rPois}
rCorr  .         Reflect  +     k - +1 pair of gloves
SustAt .         Harm     .     K - +2 pair of boots {run}
MR     ++...                    L - +3 amulet of reflection
Stlth  ++++++....               n - ring of wizardry
                                c - ring "Sexkesa" {MR+ AC+4}

@: mighty, about to teleport, regenerating slowly, quick, very resistant to
hostile enchantments, very stealthy
A: fangs 3, see invisible, unbreathing
a: Bat Form, Receive Corpses, Torment, Renounce Religion


You were on level 4 of the Swamp.
You worshipped Kikubaaqudgha.
Kikubaaqudgha was exalted by your worship.
You were very thirsty.

You visited 5 branches of the dungeon, and saw 30 of its levels.
You also visited: Labyrinth.

You collected 2924 gold pieces.
You spent 939 gold pieces at shops.

Inventory:

Hand Weapons
 d - a +0 vampiric short sword
 q - a +6 quick blade of pain (weapon)
 t - a +4 rapier of electrocution
Missiles
 x - 33 tomahawks (quivered)
Armour
 f - a +2 helmet (worn)
 k - a +1 pair of gloves (worn)
 z - a +2 robe of fire resistance (worn)
 E - a mottled dragon hide
 H - a +2 robe of magic resistance
 K - a +2 pair of boots of running (worn)
 R - the +4 buckler of Ovin (worn) {Regen+ Str+4 Dex+4}
   (You bought it in a shop on level 5 of the Dungeon)

   It affects your strength (+4).
   It affects your dexterity (+4).
   It increases your rate of regeneration.
 X - a +1 cloak of poison resistance (worn)
Jewellery
 a - an uncursed ring of protection from magic
 c - the ring "Sexkesa" (left hand) {MR+ AC+4}
   (You found it on level 14 of the Dungeon)

   [ring of protection]

   It affects your AC (+4).
   It affects your resistance to hostile enchantments.
 e - an uncursed ring of sustain attributes
 g - an uncursed amulet of dismissal
 n - a ring of wizardry (right hand)
 w - an uncursed ring of magical power
 F - a +3 ring of strength {unknown}
 L - a +3 amulet of reflection (around neck)
 M - an uncursed ring of fire
Wands
 P - a wand of digging (24/24)
 Q - a wand of heal wounds (1/9)
Scrolls
 h - 9 scrolls of remove curse
 j - 6 scrolls of fog
 p - 4 scrolls of identify
 r - a scroll of amnesia
 u - 5 scrolls of teleportation
 T - a scroll of magic mapping
 Y - a scroll of immolation
Potions
 b - 6 potions of blood
 i - 3 potions of brilliance
 l - a potion of might
 m - 6 potions of flight
 o - a potion of magic {unknown}
 s - 10 potions of curing
 A - 2 potions of agility
 C - 2 potions of heal wounds
 D - a potion of cancellation {unknown}
 J - 2 potions of resistance
 O - a potion of invisibility {unknown}
 V - a potion of ambrosia {unknown}
Books
 v - a book of Burglary

   Spells                             Type                      Level
   a - Swiftness                      Charms/Air                   2
   b - Passwall                       Transmutation/Earth          2
   c - Passage of Golubria            Translocation                4
   d - Lee's Rapid Deconstruction     Earth                        5
   e - Darkness                       Hexes                        6
   f - Invisibility                   Hexes                        6
 B - a book of Unlife

   Spells                             Type                      Level
   a - Recall                         Summoning/Translocation      3
   b - Animate Dead                   Necromancy                   4
   c - Control Undead                 Necromancy                   4
   d - Cigotuvi's Embrace             Necromancy                   5
   e - Death Channel                  Necromancy                   6
   f - Simulacrum                     Ice/Necromancy               6


   Skills:
 + Level 10.8 Fighting
 + Level 10.9 Short Blades
 - Level 4.2 Armour
 + Level 12.7 Dodging
 - Level 12.2 Stealth
 - Level 6.0 Shields
 + Level 9.4 Spellcasting
 - Level 2.1 Conjurations
 - Level 21.0 Hexes
 * Level 13.3 Necromancy
 + Level 3.2 Ice Magic


You had 7 spell levels left.
You knew the following spells:

 Your Spells              Type           Power        Failure   Level  Hunger
a - Animate Dead          Necr           N/A          1%          4    ##.....
b - Dispel Undead         Necr           ######..     1%          5    ####...
c - Confuse               Hex            #######.     0%          3    None
d - Tukima's Dance        Hex            #######.     0%          3    None
e - Ensorcelled Hibernat  Hex/Ice        ######       1%          2    None
f - Corona                Hex            #######      0%          1    None
j - Bolt of Draining      Conj/Necr      #####.....   4%          5    ####...
s - Dazzling Spray        Conj/Hex       ######..     1%          3    None


Dungeon Overview and Level Annotations

Branches:
Dungeon (15/15)            Temple (1/1) D:5            Lair (8/8) D:9
  Swamp (4/4) Lair:6       Spider (0/4) Lair:5          Orc (2/2) D:12
    Elf (0/3) Orc:2        Vaults (0/5) D:13         Depths (0/5) D:15
  Slime: Lair:6-8

Altars:
Ashenzari
Cheibriados
Dithmenos
Elyvilon
Fedhas
Gozag
Kikubaaqudgha
Makhleb
Nemelex Xobeh
Okawaru
Pakellas
Qazlal
Ru
Sif Muna
Trog
Vehumet
Xom
Zin
The Shining One
Beogh

Shops:
D:2 *   D:5 [   D:9 %   D:10 ?   D:12 *   D:14 [}[   Orc:2 %(=(

Annotations:
D:9 exclusion: guardian serpent
D:10 eight-head hydra, exclusion: player ghost
Lair:4 catopblepas
Lair:5 exclusions: catoblepas and hog, Kirke
Lair:6 exclusion: oklob plant
Lair:7 exclusion: oklob plant


Innate Abilities, Weirdness & Mutations

You heal slowly.
You have razor-sharp teeth.
You have supernaturally acute eyesight.
You can survive without breathing.


Message History

Your five-headed hydra zombie closely misses the thorn hunter.
Your five-headed hydra zombie barely misses the thorn hunter.
Your five-headed hydra zombie bites the thorn hunter.
Your five-headed hydra zombie bites the thorn hunter but does no damage.
Read which item? (? for menu, Esc to quit)
As you read the scroll of teleportation, it crumbles to dust.
You feel strangely unstable. The swamp dragon barely misses you.
You block the swamp dragon's attack. x2
The thorn hunter hits your five-headed hydra zombie!
The thorn hunter hits your five-headed hydra zombie.
The seven-headed hydra bites you!
* * * LOW HITPOINT WARNING * * *
The seven-headed hydra completely misses you.
The seven-headed hydra bites you.
* * * LOW HITPOINT WARNING * * *
The seven-headed hydra completely misses you.
You block the seven-headed hydra's attack.
The seven-headed hydra bites you!
You die...
Kikubaaqudgha rasps: "You have failed me!
Welcome... oblivion!"

♣♣♣♣♣♣♣♣♣
♣≈......♣♣
.≈≈≈≈≈≈fZ♣
.≈≈≈≈≈DD@♣
.≈≈≈≈≈≈D.♣
≈...≈♣♣♣§k..≈≈≈.♣♣
≈≈≈≈≈.≈≈..♣≈.♣♣♣♣
.≈≈≈≈.≈...≈≈♣
.§≈≈≈..♣≈..♣
♣i≈≈≈..≈♣♣♣
#.≈≈...≈♣♣♣♣
#≈.≈≈≈≈≈≈≈♣


You could see a thorn hunter, a seven-headed hydra, 2 swamp dragons, a swamp
drake and a friendly five-headed hydra zombie.

Vanquished Creatures
  A thorn hunter (Swamp:3)
  An orc warlord (Orc:1)
  A minotaur (Lab)
  4 vault guards (D:13)
  13 hydras
  Josephine (Swamp:1)
  A rakshasa (D:15)
  An ice dragon (D:15)
  3 fire dragons
  Harold (Lair:3)
  A ghost crab (Swamp:2)
  The ghost of bl4d3 the Grappler, a novice TrMo of Qazlal (D:10)
  6 centaur warriors
  The ghost of Kidiri the Thaumaturge, a journeyman DEFE of Vehumet (Lair:1)
  9 alligators
  4 death yaks (Lair:8)
  An orc high priest (Orc:1)
  A spriggan druid (Swamp:1)
  6 unseen horrors
  4 shambling mangroves
  11 hill giants
  A wolf spider zombie (D:14)
  Pikel (D:7)
  2 swamp dragons
  An orc sorcerer (Orc:2)
  4 orc knights
  2 ugly things (D:11)
  3 hornets
  A deep elf mage (D:14)
  2 cyclopes
  2 manticores
  3 griffons
  A guardian serpent (D:9)
  10 elephants
  4 centaur zombies
  3 gargoyles
  4 black mambas
  4 centaur skeletons
  7 rime drakes
  14 spiny frogs
  9 komodo dragons
  A tengu conjurer (D:15)
  7 trolls
  A two-headed ogre (D:15)
  Prince Ribbit (D:7)
  A polar bear (Lair:7)
  A wolf spider simulacrum (D:14)
  17 slime creatures
  4 giant leeches
  32 blink frogs
  8 bog bodies
  2 shadows
  2 redbacks (Lair:5)
  3 wraiths (Swamp:1)
  4 spriggans
  3 fire bats
  A vampire (D:11)
  33 yaks
  11 hippogriffs
  A wyvern (D:15)
  21 vampire mosquitoes
  A basilisk (Lair:8)
  A hungry ghost (D:15)
  Menkaure (D:4)
  16 swamp worms
  A steam dragon (Lair:8)
  6 wargs
  A mottled dragon (Lair:8)
  15 water moccasins
  6 insubstantial wisps (Swamp:3)
  15 porcupines
  38 orc warriors
  7 swamp drakes
  9 ice beasts
  5 sky beasts
  4 slaves (D:7)
  6 wasps
  A black bear (Lair:2)
  An eye of draining (shapeshifter) (D:13)
  13 ogres
  An eye of draining (D:9)
  A phantom (D:11)
  26 centaurs
  12 wolves
  22 crocodiles
  4 big kobolds
  23 giant frogs
  An earth elemental (Orc:2)
  2 troll zombies (Swamp:1)
  A wyvern skeleton (D:14)
  6 killer bees
  4 scorpions
  9 wights
  3 howler monkeys
  4 electric eels
  3 crimson imps
  3 giant frog zombies
  6 hounds
  15 orc wizards
  2 quasits
  2 giant frog skeletons
  19 orc priests
  Crazy Yiuf (D:2)
  5 jellies
  A gnoll shaman (D:8)
  12 iguanas
  Natasha (thrice) (D:3)
  10 worker ants
  14 sheep
  2 hound skeletons
  4 worker ant zombies
  Robin (D:2)
  A howler monkey skeleton (D:4)
  6 gnolls
  15 adders
  49 river rats
  6 shadow imps
  2 oozes
  3 adder skeletons
  2 worms (D:2)
  2 dart slugs
  6 giant geckos
  85 orcs
  2 ball pythons (D:3)
  3 giant cockroaches
  16 goblins
  12 hobgoblins
  6 jackals
  32 kobolds
  10 quokkas
  12 bats
  8 giant newts
  2 jackal skeletons (D:4)
  A quokka skeleton (D:9)
  4 rats
  4 fungi
  3 plants (Lair:8)
965 creatures vanquished.

Vanquished Creatures (collateral kills)
  2 thorn hunters (Swamp:3)
  Maud (Orc:1)
  2 catoblepae
  An alligator (Swamp:3)
  Urug (D:15)
  3 death yaks (Lair:8)
  2 griffons
  A gargoyle (D:12)
  2 spiny frogs (Lair:8)
  A rime drake (Lair:8)
  2 slime creatures
  A blink frog (Swamp:3)
  A wraith (Swamp:1)
  4 yaks (Lair:8)
  A hippogriff (Lair:8)
  A soldier ant (D:15)
  A swamp drake (Swamp:2)
  2 orc warriors
  2 ogres (D:8)
  2 centaurs (D:15)
  3 crocodiles (Lair:8)
  4 wights
  A crimson imp (D:8)
  A giant frog skeleton (D:11)
  2 iguanas (Lair:8)
  An orc wizard (D:12)
  3 worker ants (D:13)
  A river rat (Lair:8)
  11 orcs
  A hobgoblin (D:3)
  3 kobolds
  A giant newt (D:3)
65 creatures vanquished.

Vanquished Creatures (others)
  A swamp dragon (Swamp:2)
  An unseen horror (D:13)
  3 dancing weapons
  An orc warrior (Orc:2)
  3 centaurs
  An iguana (Lair:6)
  A river rat (Lair:3)
  3 orcs (Orc:2)
  A quokka (D:2)
  A rat (D:2)
  A fire vortex (Lair:3)
  16 fungi
  37 plants
  11 toadstools (Lair:7)
81 creatures vanquished.

Grand Total: 1111 creatures vanquished

Notes
Turn   | Place    | Note
--------------------------------------------------------------
     0 | D:1      | seren the Vampire Enchanter began the quest for the Orb.
     0 | D:1      | Reached XP level 1. HP: 13/13 MP: 3/3
   436 | D:1      | Reached XP level 2. HP: 15/19 MP: 5/5
   447 | D:1      | Learned a level 2 spell: Ensorcelled Hibernation
   928 | D:1      | Reached skill level 5 in Stealth
  1237 | D:1      | Reached XP level 3. HP: 24/24 MP: 6/6
  1242 | D:1      | Learned a level 3 spell: Tukima's Dance
  1320 | D:1      | Reached skill level 5 in Hexes
  1507 | D:2      | Found a stormy altar of Qazlal.
  1899 | D:2      | Reached XP level 4. HP: 25/30 MP: 3/7
  2255 | D:2      | Reached skill level 6 in Hexes
  2384 | D:2      | Found an opulent altar of Gozag.
  2387 | D:2      | Found Gozag's Platinum Reserve.
  2387 | D:2      | Noticed Robin
  2728 | D:2      | Noticed Crazy Yiuf
  2734 | D:2      | Killed Crazy Yiuf
  2734 | D:2      | Reached XP level 5. HP: 35/35 MP: 8/8
  2784 | D:2      | Killed Robin
  3345 | D:3      | Noticed Natasha
  3382 | D:3      | Killed Natasha
  3463 | D:3      | Noticed Natasha
  3470 | D:3      | Killed Natasha
  3470 | D:3      | Reached skill level 7 in Hexes
  4351 | D:3      | HP: 1/35 [orc priest/divine providence (13)]
  5680 | D:3      | Reached XP level 6. HP: 41/41 MP: 4/9
  5757 | D:3      | Noticed Natasha
  5820 | D:3      | Killed Natasha
  6640 | D:3      | Learned a level 3 spell: Confuse
  6901 | D:3      | Reached skill level 8 in Hexes
  7467 | D:4      | Noticed Menkaure
  8458 | D:4      | Killed Menkaure
  8458 | D:4      | Reached XP level 7. HP: 21/47 MP: 10/10
  9102 | D:4      | Reached skill level 1 in Fighting
  9102 | D:4      | Reached skill level 9 in Hexes
  9146 | D:5      | Entered Level 5 of the Dungeon
  9261 | D:5      | Found Icyopp's Armour Shoppe.
  9382 | D:5      | Found a staircase to the Ecumenical Temple.
  9413 | Temple   | Entered the Ecumenical Temple
  9475 | Temple   | Became a worshipper of Kikubaaqudgha
 10437 | D:6      | Reached XP level 8. HP: 54/54 MP: 11/11
 10563 | D:6      | Reached skill level 5 in Short Blades
 10876 | D:6      | Found a deep blue altar of Sif Muna.
 10876 | D:6      | Found a shattered altar of Ashenzari.
 10876 | D:6      | Found a sparkling altar of Nemelex Xobeh.
 10876 | D:6      | Found a radiant altar of Vehumet.
 11020 | D:7      | Noticed Pikel
 11205 | D:7      | Noticed Prince Ribbit
 11573 | D:7      | Killed Prince Ribbit
 11736 | D:7      | Reached skill level 10 in Hexes
 11808 | D:6      | Reached * piety under Kikubaaqudgha
 11808 | D:6      | Received a gift from Kikubaaqudgha
 11815 | D:6      | Identified Kikubaaqudgha's Volume of Sinister Rituals (Kikubaaqudgha gifted it to you on level 6 of the Dungeon)
 12314 | D:7      | Killed Pikel
 12314 | D:7      | Reached skill level 5 in Dodging
 12314 | D:7      | Reached skill level 1 in Necromancy
 12314 | D:7      | Reached XP level 9. HP: 64/64 MP: 11/13
 12392 | D:7      | Reached skill level 10 in Stealth
 13077 | D:8      | Reached ** piety under Kikubaaqudgha
 13199 | D:8      | Found a sacrificial altar of Ru.
 13605 | D:5      | Bought a +0 pair of boots of running for 346 gold pieces
 13854 | D:9      | Reached skill level 11 in Hexes
 14110 | D:9      | Noticed a guardian serpent
 14412 | D:9      | Found Uquatz's Food Boutique.
 14583 | D:9      | Noticed a komodo dragon
 14607 | D:9      | Killed a komodo dragon
 14607 | D:9      | Reached XP level 10. HP: 73/73 MP: 16/16
 14717 | D:9      | Found a staircase to the Lair.
 14727 | Lair:1   | Entered Level 1 of the Lair of Beasts
 14783 | D:9      | Noticed a guardian serpent
 14802 | D:9      | Killed a guardian serpent
 15310 | D:10     | Entered Level 10 of the Dungeon
 15325 | D:10     | Found Fewe's Magic Scroll Boutique.
 15411 | D:10     | Noticed bl4d3's ghost (novice TrMo)
 15483 | D:10     | Killed bl4d3's ghost
 15652 | D:10     | Noticed a hill giant
 15700 | D:10     | Killed a hill giant
 15702 | D:10     | Reached skill level 5 in Fighting
 16047 | D:10     | Learned a level 3 spell: Dazzling Spray
 16051 | D:10     | Reached *** piety under Kikubaaqudgha
 16051 | D:10     | Received a gift from Kikubaaqudgha
 16052 | D:10     | Identified Kikubaaqudgha's Catalogue of Dark Magic (Kikubaaqudgha gifted it to you on level 10 of the Dungeon)
 16077 | D:10     | Upgraded the game from 0.18-a0-1685-g4482fe3 to 0.18-a0-1692-g516f9e9
 16128 | D:10     | Reached skill level 5 in Necromancy
 16269 | D:10     | Noticed a hill giant
 16285 | D:10     | Killed a hill giant
 16285 | D:10     | Reached skill level 12 in Hexes
 17099 | D:10     | Noticed an eight-headed hydra
 17636 | Lair:1   | Reached XP level 11. HP: 80/80 MP: 18/18
 17733 | Lair:1   | Noticed Kidiri's ghost (journeyman DEFE)
 18861 | D:11     | Noticed a cyan ugly thing
 19238 | Lair:2   | Noticed a five-headed hydra
 19303 | Lair:2   | Reached **** piety under Kikubaaqudgha
 19400 | Lair:2   | Learned a level 2 spell: Sublimation of Blood
 19833 | Lair:2   | Killed a five-headed hydra
 20478 | Lair:3   | Noticed Harold
 21176 | Lair:2   | Reached skill level 5 in Spellcasting
 21560 | Lair:3   | Reached XP level 12. HP: 91/91 MP: 19/19
 21711 | Lair:3   | Killed Harold
 22405 | Lair:3   | Learned a level 5 spell: Dispel Undead
 22740 | Lair:1   | Killed Kidiri's ghost
 23614 | Lair:3   | Reached skill level 1 in Conjurations
 23792 | Lair:4   | Noticed a catoblepas
 24176 | Lair:4   | Reached skill level 13 in Hexes
 24271 | Lair:5   | Found a labyrinth entrance.
 24308 | Lab      | Entered a labyrinth
 24474 | Lab      | Noticed a minotaur
 24506 | Lab      | Killed a minotaur
 24525 | Lab      | Got a fine dire flail
 24525 | Lab      | Got a polished mace
 24574 | Lair:5   | Identified the cursed +2 dire flail of Watchfulness {speed, rN+ MR+} (You found it in a labyrinth)
 24576 | Lair:5   | Identified the +7 mace of Quarrel {freeze, Str+3} (You found it in a labyrinth)
 24976 | D:5      | Bought the +4 buckler of Ovin {Regen+ Str+4 Dex+4} for 531 gold pieces
 25236 | Lair:5   | Noticed a catoblepas
 25274 | Lair:5   | Reached skill level 1 in Shields
 25281 | Lair:5   | Reached ***** piety under Kikubaaqudgha
 25896 | Lair:5   | Noticed Kirke
 26105 | Lair:6   | Reached skill level 5 in Shields
 26431 | Lair:6   | Reached skill level 14 in Hexes
 26528 | Lair:6   | Found a staircase to the Swamp.
 26844 | Lair:7   | Noticed a four-headed hydra
 26853 | Lair:7   | Killed a four-headed hydra
 26853 | Lair:7   | Reached skill level 15 in Hexes
 26859 | Lair:7   | Reached XP level 13. HP: 98/98 MP: 21/21
 26943 | Lair:7   | Reached skill level 16 in Hexes
 27159 | Lair:6   | Learned a level 4 spell: Animate Dead
 27190 | Lair:7   | Reached skill level 17 in Hexes
 27368 | Lair:7   | Reached skill level 18 in Hexes
 27685 | Lair:7   | Found a blossoming altar of Fedhas.
 28131 | Lair:8   | Entered Level 8 of the Lair of Beasts
 28207 | Lair:8   | Reached skill level 19 in Hexes
 28505 | Lair:8   | Reached skill level 20 in Hexes
 29023 | Lair:8   | Reached ****** piety under Kikubaaqudgha
 29023 | Lair:8   | Reached skill level 21 in Hexes
 29366 | Temple   | Identified a +4 quick blade of pain (a +2 quick blade bloodied by Kikubaaqudgha)
 29366 | Temple   | Received a gift from Kikubaaqudgha
 29906 | Lair:8   | Reached skill level 10 in Dodging
 31005 | Lair:8   | Reached XP level 14. HP: 105/105 MP: 11/23
 31143 | Lair:8   | Upgraded the game from 0.18-a0-1692-g516f9e9 to 0.18-a0-1702-gd20c6a5
 31988 | D:11     | Reached skill level 10 in Short Blades
 31993 | D:11     | Found a shimmering altar of Xom.
 32005 | D:11     | Found a shimmering altar of Xom.
 32006 | D:11     | Found a shimmering altar of Xom.
 32006 | D:11     | Found a shimmering altar of Xom.
 32006 | D:11     | Found a shimmering altar of Xom.
 32038 | D:11     | Found a blossoming altar of Fedhas.
 32723 | D:12     | Found a burning altar of Makhleb.
 32802 | D:12     | Found Juitowk's Assorted Antiques.
 32862 | D:12     | Found a staircase to the Orcish Mines.
 33698 | D:13     | Reached skill level 10 in Necromancy
 34046 | D:13     | Found a gate to the Vaults.
 34298 | D:13     | Paralysed by an orc wizard for 4 turns
 34707 | D:14     | Found Faofess's Gadget Shoppe.
 34803 | D:14     | Found Pixodghea's Armour Emporium.
 34939 | D:14     | Found a radiant altar of Vehumet.
 35008 | D:14     | Got a twisted quarterstaff
 35009 | D:14     | Identified the +10 quarterstaff of the Seven Spirits {crush, *Noise rN++ Int+2 SInv} (You found it on level 14 of the Dungeon)
 35200 | D:14     | Found Tuneluce's Antique Armour Shoppe.
 35229 | D:14     | Got a coiled steel ring
 35231 | D:14     | Identified the ring "Sexkesa" {MR+ AC+4} (You found it on level 14 of the Dungeon)
 35248 | D:14     | Bought a dyed leather armour for 62 gold pieces
 35570 | D:15     | Entered Level 15 of the Dungeon
 35570 | D:15     | Noticed Urug
 35602 | D:15     | Reached skill level 1 in Armour
 35689 | D:14     | Learned a level 5 spell: Bolt of Draining
 35912 | D:15     | Reached XP level 15. HP: 109/115 MP: 16/27
 36190 | D:15     | Found a staircase to the Depths.
 36677 | D:15     | Killed Urug
 36932 | D:15     | Reached skill level 10 in Fighting
 37016 | D:15     | Upgraded the game from 0.18-a0-1702-gd20c6a5 to 0.18-a0-1718-g40ea4b6
 37293 | Orc:1    | Entered Level 1 of the Orcish Mines
 37293 | Orc:1    | Noticed Maud
 37300 | Orc:1    | Killed Maud
 37642 | Orc:2    | Entered Level 2 of the Orcish Mines
 37642 | Orc:2    | Found a staircase to the Elven Halls.
 37746 | Orc:2    | Noticed an orc warlord
 37903 | Orc:1    | Killed an orc warlord
 38573 | Orc:2    | Found Tieni's Weapon Shop.
 38573 | Orc:2    | Found Digituq's Jewellery Shoppe.
 38575 | Orc:2    | Found Kuaroha's Weapon Emporium.
 38577 | Orc:2    | Found Gutt's Food Boutique.
 39458 | Orc:1    | Found a roughly hewn altar of Beogh.
 40702 | Swamp:1  | Entered Level 1 of the Swamp
 40705 | Lair:6   | Upgraded the game from 0.18-a0-1718-g40ea4b6 to 0.18-a0-1721-gc4d1f22
 40826 | Swamp:1  | Noticed Josephine
 40926 | Swamp:1  | Killed Josephine
 42586 | Swamp:2  | Reached XP level 16. HP: 108/124 MP: 29/29
 43007 | Swamp:2  | Reached skill level 1 in Ice Magic
 44142 | Swamp:3  | Noticed a thorn hunter
 44174 | Swamp:3  | Killed a thorn hunter
 44274 | Swamp:3  | Noticed a thorn hunter
 44355 | Swamp:3  | Noticed a thorn hunter
 44454 | Swamp:3  | Killed a thorn hunter
 44879 | Swamp:3  | Killed a thorn hunter
 45657 | Swamp:4  | Entered Level 4 of the Swamp
 45663 | Swamp:4  | Noticed a thorn hunter
 45663 | Swamp:4  | Noticed a thorn hunter
 45717 | Swamp:4  | Slain by a seven-headed hydra

Vault maps used:
D:1:      dpeg_arrival_circle_labyrinth_c, serial_curves, eino_curves_02,
          eino_curves_04, fountainhead, corner_web_ring
D:2:      nicolae_qazlal_eye_of_the_storm, nicolae_gozag_zags_fifth_avenue,
          grunt_decor_cap, minmay_quantized, uniq_crazy_yiuf_cottage, uniq_robin
D:3:      first_bread, serial_glass, glass_columns_b, glass_columns_a,
          uniq_natasha
D:4:      uniq_menkaure
D:5:      temple_pool_a, serial_shops, shop
D:6:      minmay_overflow_temple_hex
D:7:      uniq_prince_ribbit1, uniq_pikel
D:8:      nicolae_ru_awakened_eye
D:9:      nrook_guardian_serpent_snake_passage, david_lair_shrubbed,
          serial_shops, shop_statue
D:10:     serial_shops, nicolae_shop_waterfront
D:11:     portal_ice_cave_entry_ice_beasts, hangedman_tree_tricks,
          xom_shifter_show
D:12:     orc_david_3, serial_shops, shop, makhleb_altar_promises_db
D:13:     lightli_vaults_fourway_checkpoint
D:14:     serial_shops, shop_statue, shop, kennysheep_mini,
          david_defended_altar_elf
D:15:     grunt_enter_depths_hoard, uniq_urug
Temple:   water_room_temple_b_12
Lair:1:   nicolae_quartered_pool_super, st_stairs_13, serial_bayou_pond_e,
          beast_lair_carwin_9, infiniplex_staircase_pool
Lair:2:   nicolae_volcano_entry_batcave, cheibrodos_lair_caveside_slide
Lair:3:   minivault_11, serial_bayou_shore_b, uniq_harold
Lair:4:   boulder_quad_collide
Lair:5:   nicolae_spider_entry_tight_spaces, lab_entry_generic, uniq_kirke
Lair:6:   minmay_swamp_entry_swarm, minmay_slime_entry_oklob_enclosed,
          nicolae_quartered_pool_little, beast_lair_carwin_11
Lair:7:   tgw_fedhas
Lair:8:   guppyfry_lair_end_dragon, grunt_megastairs_1
Swamp:1:  nicolae_swamp_trees_clearing, swamp_pool2, statue_in_the_mist_lemuel,
          cheibrodos_swamp_minitomb, uniq_josephine
Swamp:2:  evilmike_swamp_ruin_rubble_1, swamp_pool2, cheibrodos_swamp_slimy
Swamp:3:  nicolae_swamp_feature_on_the_river_bank, swamp_pool3
Swamp:4:  swamp_alternative
Orc:1:    serial_shops, minmay_orc_temple_a, uniq_maud
Orc:2:    st_orc_rangers
Lab:      labyrinth_mini_lab

Skill      XL: |  1  2  3  4  5  6  7  8  9 10 11 12 13 14 15 16 |
---------------+-------------------------------------------------+-----
Short Blades   | 2 3 4 6 7 8 9 10 | 10.9
Stealth        | 5 6 7 8 9 10 11 12 | 12.2
Hexes          | 5 6 7 8 9 10 11 12 15 21 | 21.0
Fighting       | 1 3 4 5 7 8 9 10 | 10.8
Dodging        | 3 5 6 7 9 10 11 12 | 12.7
Necromancy     | 1 3 5 7 8 9 10 12 13 | 13.3
Spellcasting   | 4 5 6 8 9 |  9.4
Conjurations   | 2 |  2.1
Shields        | 6 |  6.0
Armour         | 1 3 4 |  4.2
Ice Magic      | 3 |  3.2

Action                   |  1- 3 |  4- 6 |  7- 9 | 10-12 | 13-15 | 16-18 || total
-------------------------+-------+-------+-------+-------+-------+-------++-------
Melee: Dagger            |    94 |   256 |   307 |   139 |       |       ||   796
       Quick blade       |       |       |       |   540 |  1704 |   141 ||  2385
       Rapier            |       |       |       |   112 |   475 |   264 ||   851
       Short sword       |       |       |       |       |    14 |       ||    14
 Cast: Ensorcelled Hiber |    14 |    69 |    46 |    46 |     6 |       ||   181
       Confuse           |       |    18 |    60 |   141 |   122 |    13 ||   354
       Tukima's Dance    |       |     5 |    22 |    10 |    12 |       ||    49
       Dazzling Spray    |       |       |       |    51 |    17 |       ||    68
       Dispel Undead     |       |       |       |     3 |     1 |       ||     4
       Animate Dead      |       |       |       |       |    60 |    12 ||    72
       Bolt of Draining  |       |       |       |       |    23 |     5 ||    28
Invok: Receive Corpses   |       |       |       |       |     8 |     4 ||    12
       Brand Weapon With |       |       |       |       |     1 |       ||     1
       Torment           |       |       |       |       |     2 |       ||     2
 Abil: End Transformatio |       |     2 |     1 |     1 |       |       ||     4
       Bat Form          |       |     2 |     1 |     1 |       |       ||     4
Evoke: Wand              |       |       |       |     1 |     1 |     4 ||     6
  Use: Scroll            |       |     4 |    10 |    16 |    16 |     7 ||    53
       Potion            |       |     4 |     3 |    13 |    10 |     5 ||    35
 Stab: Sleeping          |    20 |    49 |    50 |    61 |    49 |     8 ||   237
       Confused          |       |     6 |    26 |    91 |    88 |    10 ||   221
       Invisible         |       |       |       |    10 |     8 |       ||    18
       Distracted        |       |       |       |     2 |    11 |     4 ||    17
